 Dungeon Crawl Stone Soup version 0.25.1-2-g60ff931df9 (webtiles) character file.

Game seed: 10151970013389678617

49 DildoBatman the Magician (level 4, 0/30 HPs)
             Began as a Formicid Wizard on Sept 3, 2020.
             Slain by a kobold
             ... wielding a +3 short sword
              (9 damage)
             ... on level 1 of the Dungeon.
             The game lasted 00:03:15 (1347 turns).

DildoBatman the Magician (Formicid Wizard)          Turns: 1347, Time: 00:03:16

Health: 0/30       AC:  3    Str: 12    XL:     4   Next: 1%
Magic:  8/8        EV: 12    Int: 18    God:
Gold:   66         SH:  0    Dex:  9    Spells: 2/9 levels left

rFire    . . .     SeeInvis +   d - +0 club
rCold    . . .     Gourm    .   (no shield)
rNeg     . . .     Faith    .   a - +0 robe
rPois    .         Spirit   .   (helmet unavailable)
rElec    .         Reflect  .   j - +0 cloak
rCorr    .         Harm     .   (no gloves)
MR       .....                  (no boots)
Stlth    ++........             (no amulet)
HPRegen  0.10/turn              (no ring)
MPRegen  0.11/turn              (no ring)

@: no status effects
A: permanent stasis, dig shafts and tunnels, four strong arms, antennae 3
a: Dig, Shaft Self


You were on level 1 of the Dungeon.
You were hungry.

You visited 1 branch of the dungeon, and saw 1 of its levels.

You collected 66 gold pieces.

Inventory:

Hand Weapons
 d - a +0 club (weapon)
Missiles
 b - 5 javelins (quivered)
 e - 28 stones
Armour
 a - a +0 robe (worn)
 c - a +0 kite shield
 j - a +0 cloak (worn)
Scrolls
 f - a scroll of random uselessness {unknown}
 g - 2 scrolls of identify {unknown}
 h - a scroll of amnesia {unknown}
Potions
 i - a potion of curing {unknown}
 l - a potion of brilliance {unknown}
 m - a potion of cancellation {unknown}
Comestibles
 k - 3 chunks of flesh
 v - 3 rations


   Skills:
 - Level 1.7 Dodging
 - Level 2.4 Stealth
 - Level 3.2 Spellcasting
 * Level 3.2 Conjurations
   Level 1.0 Summonings
   Level 0.8 Translocations


You had 2 spell levels left.
You knew the following spells:

 Your Spells              Type           Power        Failure   Level  Hunger
a - Conjure Flame         Conj/Fire      #.......     24%         3    ###....
c - Magic Dart            Conj           ##..         4%          1    None
e - Mephitic Cloud        Conj/Pois/Air  #.......     30%         3    ###....

Your spell library contained the following spells:

 Spells                   Type           Power        Failure   Level  Hunger
 Call Imp                 Summ           #.......     16%         2    ##.....
 Slow                     Hex            #.......     24%         2    ##.....
 Blink                    Tloc           Unusable     N/A         2    N/A

Dungeon Overview and Level Annotations

Branches:
Dungeon (1/15)

Altars:


Innate Abilities, Weirdness & Mutations

You cannot be hasted, slowed, berserked, paralysed or teleported.
You can dig through walls and to a lower floor.
Your four strong arms can wield two-handed weapons with a shield.
You have a pair of large antennae on your head. (SInv)


Message History

Anything else - Cancel.
You shout for attention!
The kobold completely misses you. What are your orders? t - Shout!
Orders for allies: a - Attack new target. r - Retreat! s - Stop attacking. g - Guard the area. f - Follow me.
Anything else - Cancel.
You shout for attention!
The kobold hits you with a +3 short sword.
What are your orders? t - Shout!
Orders for allies: a - Attack new target. r - Retreat! s - Stop attacking. g - Guard the area. f - Follow me.
Anything else - Cancel.
You shout for attention!
The kobold hits you with a +3 short sword!
You die...

......#########........##
#.# ##.....#
#.......#####.# .#...#.#
#.......# #...# .#.J.#.##
#.......###.### .#...#..#
#......>##..# ####....#
#.......#..## #
###.s#######........)####
## ##....)...............##
.#
#.#######K@......###..#####
.#
#..######..)............)..
.#
##......#.#.......###).####
## #######........####
##..... # #..............#
##....). ##
#..............# #.......
.### #..............#
#.......
.'.####..............#
#.......
.#..)................#
#.......


You could see a kobold.

Vanquished Creatures
  2 oozes (D:1)
  2 leopard geckos (D:1)
  2 giant cockroaches (D:1)
  3 hobgoblins (D:1)
  6 jackals (D:1)
  8 kobolds (D:1)
  3 bats (D:1)
  3 frilled lizards (D:1)
  4 goblins (D:1)
  A rat (D:1)
34 creatures vanquished.

Notes
Turn   | Place    | Note
-------+----------+-------------------------------------------
     0 | D:1      | DildoBatman the Formicid Wizard began the quest for the
                  | Orb.
     0 | D:1      | Reached XP level 1. HP: 13/13 MP: 4/4
    30 | D:1      | Reached skill level 1 in Conjurations
   223 | D:1      | Reached XP level 2. HP: 19/19 MP: 3/6
   612 | D:1      | Reached XP level 3. HP: 12/24 MP: 1/7
   617 | D:1      | Learned a level 3 spell: Conjure Flame
   621 | D:1      | Learned a level 3 spell: Mephitic Cloud
  1259 | D:1      | Reached XP level 4. HP: 30/30 MP: 5/8
  1347 | D:1      | Slain by a kobold

Illustrated notes

Levels and vault maps discovered:
D:1:      minmay_arrival_nine_rooms, layout_rooms

Skill      XL: |  1  2  3 |
---------------+----------+-----
Conjurations   | 1 2 3 |  3.2
Dodging        | |  1.7
Stealth        | |  2.4
Spellcasting   | |  3.2
Summonings     | |  1.0
Translocations | |  0.8

Action                   |  1- 3 |  4- 6 || total
-------------------------+-------+-------++-------
Melee: Unarmed           |     2 |       ||     2
       Club              |    30 |     1 ||    31
Throw: Javelin           |     2 |       ||     2
 Cast: Magic Dart        |    77 |     1 ||    78
 Abil: Dig               |     3 |     1 ||     4
  Eat: Chunk             |     1 |       ||     1
Armor: Robe              |    12 |     2 ||    14
Dodge: Dodged            |    35 |     8 ||    43
